 Dungeon Crawl Stone Soup version 0.30-a0-743-gbfdf073431 (webtiles) character file.

Game seed: 4648052126980271483

201 cheesebisquit the Digger (level 5, -3/28 HPs)
             Began as a Gargoyle Earth Elementalist on Feb 6, 2023.
             Was a Follower of Vehumet.
             Slain by Blork the orc
             ... wielding a +0 mace
              (5 damage)
             ... on level 3 of the Dungeon.
             The game lasted 00:12:17 (2880 turns).

cheesebisquit the Digger (GrEE)                     Turns: 2880, Time: 00:12:18

Health: -3/28      AC:  7    Str: 18    XL:     5   Next: 79%
Magic:  18/19      EV: 11    Int: 17    God:    Vehumet [*.....]
Gold:   205        SH:  0    Dex: 10    Spells: 6/10 levels left

rFire   . . .      SeeInvis .    k - +1 mace (drain)
rCold   . . .      Faith    .    (no shield)
rNeg    + . .      Spirit   .    a - +0 robe
rPois   ∞          Reflect  .    m - +0 helmet
rElec   +          Harm     .    (no cloak)
rCorr   .          Rampage  .    (no gloves)
Will    .....                    (no boots)
Stlth   ++                       (no amulet)
HPRegen 0.24/turn                n - ring of magical power
MPRegen 0.16/turn                d - +6 ring of strength

@: about to teleport
A: sickness immunity, AC +4, negative energy resistance 1, electricity
resistance, torment resistance 1, petrification resistance
a: Renounce Religion


You were on level 3 of the Dungeon.
You worshipped Vehumet.
Vehumet was aware of your devotion.
You visited 1 branch of the dungeon, and saw 4 of its levels.

You collected 205 gold pieces.

Inventory:

Hand Weapons
 k - a +1 mace of draining (weapon)
Missiles
 f - a boomerang of dispersal
 t - 2 silver javelins
Armour
 a - a +0 robe (worn)
 l - a +0 animal skin
 m - a +0 helmet (worn)
Jewellery
 d - a +6 ring of strength (right hand)
 n - a ring of magical power (left hand)
Wands
 r - a wand of flame (15)
Scrolls
 h - a scroll of enchant weapon {unknown}
 o - a scroll of poison
 s - a scroll of identify
 u - a scroll of enchant armour {unknown}
 v - a scroll of immolation {unknown}
Potions
 b - 2 potions of magic
 e - a potion of heal wounds {unknown}
 g - 4 potions of might {unknown}
 i - a potion of resistance {unknown}
 j - a potion of curing {unknown}
 p - a potion of flight {unknown}
 q - a potion of degeneration {unknown}
 w - a potion of mutation {unknown}
 x - a potion of attraction {unknown}
 z - a potion of lignification {unknown}


   Skills:
 - Level 1.5 Dodging
 - Level 2.1 Stealth
 + Level 3.3 Spellcasting
 - Level 0.7 Transmutations
 * Level 6.6 Earth Magic


You had 6 spell levels left.
You knew the following spells:

 Your Spells              Type           Power      Damage    Failure   Level
a - Sandblast             Erth           50%        2d12      1%          1
b - Stone Arrow           Conj/Erth      28%        3d8       13%         3

Your spell library contained the following spells:

 Spells                   Type           Power      Damage    Failure   Level
 Shock                    Conj/Air       8%         1d3       17%         1
 Passwall                 Tmut/Erth      12%        N/A       5%          2
 Petrify                  Tmut/Erth      15%        N/A       36%         4


Dungeon Overview and Level Annotations

Branches:
Dungeon (4/15)
 Temple: D:4-7

Altars:
Vehumet

Annotations:
D:3 3 runed translucent doors, AverageBear's ghost, amateur DsFi; Blork the orc


Innate Abilities, Weirdness & Mutations

You are immune to sickness and miasma.
Your stone body is resilient. (AC +4)
You are immune to poison.
You resist negative energy. (rN+)
You are resistant to electric shocks. (rElec)
You are resistant to unholy torment.
You are immune to petrification.


Message History

Found a stone staircase leading up.
You now have 205 gold pieces (gained 11).
Blork the orc is nearby!
The blast of sand hits Blork the orc but does no damage.
The blast of sand misses Blork the orc.
Blork the orc hits you with a +0 mace!
The blast of sand hits Blork the orc!
Blork the orc is moderately wounded.
Blork the orc mumbles some strange words.
Blork the orc seems to speed up.
Blork the orc barely misses you.
The blast of sand misses Blork the orc.
Blork the orc casts a spell at you. The puff of frost hits you.
Blork the orc hits you with a +0 mace!
Okay, then.
Blork the orc hits you but does no damage.
Blork the orc points at you and mumbles some strange words.
The puff of frost hits you.
* * * LOW HITPOINT WARNING * * *
Blork the orc attacks as you move away!
Blork the orc hits you but does no damage.
Blork the orc barely misses you.
Blork the orc miscasts a cantrip.
There is a stone staircase leading up here.
Blork the orc looks satisfied for a moment.
You climb upwards.
Level annotation: 3 runed translucent doors, AverageBear's ghost, amateur DsFi
There is a stone staircase leading down here.
The air fills with toxic fumes!
As you read the scroll labelled TELILL PIEV, it crumbles to dust.
It was a scroll of poison.
Blork the orc hits you with a +0 mace.
* * * LOW HITPOINT WARNING * * *
Blork the orc hits you with a +0 mace.
* * * LOW HITPOINT WARNING * * *
As you read the scroll labelled BAFE FYDISTERO, it crumbles to dust.
It is a scroll of identify.
c - a scroll of teleportation Blork the orc hits you but does no damage.
As you read the scroll of teleportation, it crumbles to dust.
You feel strangely unstable. Blork the orc closely misses you.
Blork the orc hits you with a +0 mace.
You die...

..........##)...#.##
..........###..§#§.#
.†........#
##.§§#.##
#........## ##§§§..#
........## ##§##.#
#.....### #§####
........# #§#
#....##.# #o#
#######.###
#@####### #...#
#§##....# ###.####
#§##....#
#....###§§#....#
####...§§§.....#
#####§§§....#
####....# #....#
#....#


You could see Blork the orc (fast).

Vanquished Creatures
  A scorpion (D:4)
  Robin (D:2)
  3 adders
  A worm (D:3)
  A dart slug (D:1)
  An orc (D:3)
  6 ball pythons
  8 endoplasms
  5 giant cockroaches
  15 goblins
  9 hobgoblins
  13 jackals
  5 kobolds
  2 quokkas
  5 bats
  5 frilled lizards
  5 rats
86 creatures vanquished.

Notes
Turn   | Place    | Note
-------+----------+-------------------------------------------
     0 | D:1      | cheesebisquit the Gargoyle Earth Elementalist began the
                  | quest for the Orb.
     0 | D:1      | Reached XP level 1. HP: 10/10 MP: 3/3
    78 | D:1      | Reached skill level 4 in Earth Magic
   146 | D:1      | Reached XP level 2. HP: 15/15 MP: 3/5
   629 | D:1      | Reached XP level 3. HP: 19/19 MP: 3/6
  1084 | D:2      | Noticed Robin
  1121 | D:2      | Reached skill level 5 in Earth Magic
  1142 | D:2      | Killed Robin
  1143 | D:2      | Reached XP level 4. HP: 19/24 MP: 0/8
  1979 | D:3      | Found a radiant altar of Vehumet.
  1997 | D:3      | Became a worshipper of Vehumet
  2016 | D:3      | You fall into a shaft and drop 1 floor!
  2017 | D:4      | Noticed a scorpion
  2024 | D:4      | Killed a scorpion
  2024 | D:4      | Noticed Blork the orc
  2025 | D:4      | Reached skill level 6 in Earth Magic
  2025 | D:4      | Reached XP level 5. HP: 28/28 MP: 9/9
  2552 | D:3      | Found a runed translucent gate.
  2556 | D:3      | Found a runed translucent gate.
  2556 | D:3      | Found a runed translucent gate.
  2559 | D:3      | Noticed AverageBear's ghost (amateur DsFi)
  2581 | D:3      | Reached * piety under Vehumet
  2581 | D:3      | Offered knowledge of Shock by Vehumet.
  2623 | D:3      | Learned a level 3 spell: Stone Arrow
  2878 | D:3      | HP: 1/28 [Blork the orc/+0 mace (4)]
  2880 | D:3      | Slain by Blork the orc

Illustrated notes

Levels and vault maps discovered:
D:1:      heliophobic_arrival_henge, layout_loops_ring
D:2:      layout_basic, uniq_robin
D:3:      layout_rooms, vehumet_altar_wand_db, gammafunk_ghost_necromancy,
          nrook_mini_vaults
D:4:      layout_layer_cave, general_overflow_altar,
          minmay_temple_entry_nine_rooms, uniq_blork_the_orc, uniq_menkaure,
          uniq_natasha, uniq_sigmund

Skill      XL: |  1  2  3  4 |
---------------+-------------+-----
Earth Magic    | 4 5 6 |  6.6
Spellcasting   | 3 |  3.3
Dodging        | |  1.5
Stealth        | |  2.1
Transmutations | |  0.7

Action                     |  1- 3 |  4- 6 || total
---------------------------+-------+-------++-------
  Melee: Dagger            |     1 |       ||     1
         Long sword        |     7 |       ||     7
         Mace              |       |     1 ||     1
  Throw: Boomerang         |       |     1 ||     1
   Cast: Sandblast         |    49 |    77 ||   126
    Use: Scroll            |       |     3 ||     3
 Armour: Robe              |    20 |    14 ||    34
  Dodge: Dodged            |    31 |    23 ||    54

Table legend: (Time is in decaauts)
 A = Elapsed time spent in this place.
 B = Non-inter-level travel time spent in this place.
 C = Inter-level travel time spent in this place.
 D = Time resting spent in this place.
 E = Time spent auto-exploring this place.
 F = Levels seen in this place.
 G = Mean time per level.
                   A        B        C        D        E       F      G
               +--------+--------+--------+--------+--------+-----+--------+
         Total |   2942 |   2872 |     70 |     62 |   2300 |   4 |  735.5 |
       Dungeon |   2942 |   2872 |     70 |     62 |   2300 |   4 |  735.5 |
               +--------+--------+--------+--------+--------+-----+--------+

Top non-repeatable levels by time:
     D:1: 1056 daAuts
     D:2: 953 daAuts
     D:3: 573 daAuts
     D:4: 359 daAuts
